 Dungeon Crawl Stone Soup version 0.28-a0-445-g51f8dfeb47 (webtiles) character file.

Game seed: 9152310422356704612

9914 Morbidden the Thaumaturge (level 11, -8/88 HPs)
             Began as a Demigod Venom Mage on Sept 13, 2021.
             Shot with an arrow by a centaur warrior (19 damage)
             ... on level 10 of the Dungeon.
             The game lasted 00:28:47 (14402 turns).

Morbidden the Thaumaturge (Demigod Venom Mage)     Turns: 14402, Time: 00:28:48

Health: -8/88      AC:  9    Str: 13    XL:     11   Next: 8%
Magic:  7/28       EV: 17    Int: 25    God:
Gold:   695        SH:  0    Dex: 14    Spells: 17/28 levels left

rFire   . . .      SeeInvis +   U - +0 short sword (elec)
rCold   + . .      Faith    .   (no shield)
rNeg    . . .      Spirit   .   o - +1 robe {rC+}
rPois   .          Reflect  .   Y - +2 helmet {SInv}
rElec   .          Harm     .   V - +0 cloak
rCorr   .          Rampage  .   Q - +1 pair of gloves {Stlth+}
Will    +....                   (no boots)
Stlth   +++.......              h - amulet of magic regeneration
HPRegen 0.24/turn               b - +4 ring of slaying
MPRegen 0.46/turn               F - +4 ring of evasion

@: no status effects
A: high mp 1, forlorn
a: no special abilities


You were on level 10 of the Dungeon.
You visited 1 branch of the dungeon, and saw 10 of its levels.

You collected 695 gold pieces.

Inventory:

Hand Weapons
 e - a +3 antimagic dagger
 n - a +0 dagger
 p - a +0 long sword
 C - a +4 hand axe of freezing
 D - a +0 war axe
 K - a +1 short sword of venom
 S - a +0 scimitar of flaming
 U - a +0 short sword of electrocution (weapon)
Missiles
 r - 2 throwing nets
 z - 12 curare-tipped darts (quivered)
Armour
 o - a +1 robe of cold resistance (worn)
 H - a +0 scale mail
 Q - a +1 pair of gloves of stealth (worn)
 V - a +0 cloak (worn)
 Y - a +2 helmet of see invisible (worn)
Jewellery
 a - the ring of Kuifeghu {rPois rC+ Int+2}
   (You acquired it on level 8 of the Dungeon)

   [ring of poison resistance]

   Int:       It affects your intelligence (+2).
   rC:        It protects you from cold.
   rPois:     It protects you from poison.
 b - a +4 ring of slaying (left hand)
 h - an amulet of magic regeneration (around neck)
 F - a +4 ring of evasion (right hand)
 G - an amulet of regeneration
 N - a ring of flight
Wands
 k - a wand of polymorph (7)
 m - a wand of flame (115)
 u - a wand of digging (3)
 v - a wand of paralysis (6)
 B - a wand of acid (15)
 P - a wand of iceblast (5)
 R - a wand of charming (8)
 X - a wand of mindburst (19)
Scrolls
 c - a scroll of immolation
 f - a scroll of torment {unknown}
 g - 2 scrolls of amnesia
 i - a scroll of magic mapping
 q - a scroll of brand weapon {unknown}
 s - 5 scrolls of identify
 w - a scroll of silence {unknown}
 y - a scroll of noise {unknown}
 J - a scroll of enchant weapon {unknown}
 L - a scroll of blinking
 T - a scroll of vulnerability {unknown}
Potions
 d - a potion of flight
 l - a potion of haste
 t - a potion of heal wounds {unknown}
 x - 2 potions of curing
 A - a potion of mutation {unknown}
 E - a potion of resistance {unknown}
 I - a potion of cancellation {unknown}
 M - 2 potions of berserk rage
 O - a potion of might {unknown}
 W - a potion of invisibility


   Skills:
 * Level 5.2 Fighting
 * Level 2.1(2.2) Short Blades
 * Level 0.6(1.5) Long Blades
 + Level 4.7 Axes
 * Level 3.0 Dodging
 + Level 2.5 Stealth
 + Level 0.2 Unarmed Combat
 * Level 9.1 Spellcasting
 + Level 2.8 Transmutations
 * Level 5.4 Air Magic
 * Level 8.5 Poison Magic
 + Level 0.4 Evocations


You had 17 spell levels left.
You knew the following spells:

 Your Spells              Type           Power      Damage    Failure   Level
a - Sting                 Tmut/Pois      100%       1d8       1%          1
b - Olgreb's Toxic Radia  Pois           52%        N/A       1%          4
c - Airstrike             Air            19%        N/A       6%          4
z - Poisonous Vapours     Pois/Air       92%        N/A       1%          2

Your spell library contained the following spells:

 Spells                   Type           Power      Damage    Failure   Level
 Shock                    Conj/Air       96%        1d9       1%          1
 Swiftness                Air            38%        N/A       1%          3
 Static Discharge         Conj/Air       24%        N/A       2%          2
 Mephitic Cloud           Conj/Pois/Air  34%        N/A       2%          3
 Animate Skeleton         Necr           22%        N/A       5%          1
 Apportation              Tloc           22%        N/A       5%          1
 Magic Dart               Conj           44%        1d5       5%          1
 Pain                     Necr           44%        1d6       5%          1
 Summon Small Mammal      Summ           44%        N/A       5%          1
 Searing Ray              Conj           22%        2d5       9%          2
 Call Canine Familiar     Summ           11%        N/A       16%         3
 Summon Guardian Golem    Hex/Summ       11%        N/A       16%         3
 Vampiric Draining        Necr           5%         2d6       16%         3
 Lightning Bolt           Conj/Air       12%        1d25      45%         5
 Fulminant Prism          Conj/Hex       5%         3d7       47%         4
 Summon Ice Beast         Ice/Summ       11%        N/A       47%         4
 Summon Mana Viper        Hex/Summ       11%        N/A       83%         5
 Monstrous Menagerie      Summ           5%         N/A       100%        7
 Maxwell's Capacitive Co  Air            19%        ∞         100%        8


Dungeon Overview and Level Annotations

Branches:
Dungeon (10/15)            Temple (0/1) D:5            Lair (0/6) D:9
    Orc: D:9-12

Shops:
D:3 *   D:10 !


Innate Abilities, Weirdness & Mutations

Your attributes grow dramatically as you level up.
You have an increased reservoir of magic. (+10% MP)
You shall have no god before yourself.


Message History

Casting: Olgreb's Toxic Radiance (dangerous; 1% risk of failure)
Confirm with . or Enter, or press ? or * to list all spells.
You begin to radiate toxic energy.
You kill the killer bee!
The centaur warrior looks even sicker.
Unknown command.
Unknown command.
Casting: Olgreb's Toxic Radiance (dangerous; 1% risk of failure)
Confirm with . or Enter, or press ? or * to list all spells.
Aiming: Airstrike (dangerous; 6% risk of failure)
Press: ? - help, Dir - move target, f - centaur warrior
Aim: a centaur warrior, wielding a +0 shortbow and quivering arrows (moderately wounded, very poisoned, empty space bonus: 3/8)
The air twists around and strikes the centaur warrior!
The centaur warrior is moderately wounded.
Your toxic aura wanes.
The centaur warrior shoots an arrow.
The arrow hits you!!
The centaur warrior shoots an arrow.
The arrow hits you!
Unknown command.
Casting: Airstrike (dangerous; 6% risk of failure)
Confirm with . or Enter, or press ? or * to list all spells.
Aiming: Airstrike (dangerous; 6% risk of failure)
Press: ? - help, Dir - move target, f/p - centaur warrior
Aim: a centaur warrior, wielding a +0 shortbow and quivering arrows (heavily wounded, very poisoned, empty space bonus: 3/8)
The air twists around and strikes the centaur warrior!
The centaur warrior is severely wounded.
The centaur warrior shoots an arrow.
The arrow hits you!
Unknown command.
Unknown command.
Unknown command.
Casting: Airstrike (dangerous; 6% risk of failure)
Confirm with . or Enter, or press ? or * to list all spells.
Aiming: Airstrike (dangerous; 6% risk of failure)
Press: ? - help, Dir - move target, f/p - centaur warrior
Aim: a centaur warrior, wielding a +0 shortbow and quivering arrows (severely wounded, very poisoned, empty space bonus: 3/8)
The air twists around and strikes the centaur warrior.
The centaur warrior is severely wounded.
The centaur warrior shoots an arrow.
The arrow hits you!!
* * * LOW HITPOINT WARNING * * *
The centaur warrior shoots an arrow.
The arrow hits you!!
You die...

##+####### #######. ## ##
#. ### ############# #.
.... #...........####.
..... ####...........'..#.
......#c.@...........##...
<.....'.##...........####.
...(..####...........# #.
####+ #########'### #. #.#
## ####.# ##+#######
#....# #........#
####.#### #......>.#
#.......#


You could see a centaur warrior (very poisoned).

Vanquished Creatures
  Harold (D:7)
  Erica (D:9)
  2 death yaks (D:9)
  Maurice (D:9)
  5 centaur zombies
  A kobold demonologist (D:8)
  2 hornets
  Prince Ribbit (D:9)
  Grinder (D:5)
  A wyvern (D:9)
  3 yaks (D:9)
  Menkaure (D:7)
  2 water moccasins
  5 orc warriors
  An ice beast (D:8)
  2 sky beasts (D:7)
  A black bear (D:7)
  2 ogres
  A centaur (D:9)
  13 kobold brigands
  A wyvern zombie (D:9)
  3 scorpions
  9 killer bees (D:10)
  5 wights (D:7)
  6 howler monkeys
  3 jellies
  A gnoll shaman (D:5)
  12 orc priests
  3 hounds
  4 centaur skeletons
  A bullfrog skeleton (D:6)
  A hell rat (D:9)
  2 iguanas (D:6)
  8 orc wizards
  A hound zombie (D:5)
  A hound skeleton (D:4)
  A howler monkey zombie (D:8)
  3 gnolls (D:5)
  4 adders
  A river rat (D:9)
  A shadow imp (D:8)
  A white imp (D:8)
  An ufetubus (D:4)
  An adder skeleton (D:4)
  A worm (D:3)
  4 dart slugs
  33 orcs
  10 endoplasms
  A giant cockroach (D:1)
  3 goblins
  7 hobgoblins
  4 jackals (D:5)
  30 kobolds
  4 quokkas
  3 ball pythons
  4 bats
  7 frilled lizards
  6 rats
238 creatures vanquished.

Vanquished Creatures (others)
  4 toadstools (D:3)
4 creatures vanquished.

Grand Total: 242 creatures vanquished

Notes
Turn   | Place    | Note
-------+----------+-------------------------------------------
     0 | D:1      | Morbidden the Demigod Venom Mage began the quest for the
                  | Orb.
     0 | D:1      | Reached XP level 1. HP: 14/14 MP: 5/5
   665 | D:1      | Reached XP level 2. HP: 22/22 MP: 1/7
   686 | D:1      | Reached skill level 2 in Spellcasting
   712 | D:1      | Reached skill level 1 in Transmutations
   967 | D:1      | Learned a level 2 spell: Poisonous Vapours
  1579 | D:2      | Reached XP level 3. HP: 27/27 MP: 0/8
  2777 | D:3      | Reached XP level 4. HP: 21/34 MP: 3/10
  2823 | D:3      | Found Eweihyar's Assorted Antiques.
  2962 | D:3      | You fall into a shaft and drop 2 floors!
  2962 | D:5      | Entered Level 5 of the Dungeon
  2980 | D:5      | Noticed Grinder
  3623 | D:4      | Learned a level 4 spell: Olgreb's Toxic Radiance
  4039 | D:3      | Reached skill level 1 in Fighting
  4039 | D:3      | Reached XP level 5. HP: 40/40 MP: 0/11
  5050 | D:5      | Reached skill level 3 in Spellcasting
  5055 | D:5      | Reached skill level 1 in Air Magic
  5091 | D:5      | Reached XP level 6. HP: 11/47 MP: 2/14
  5097 | D:4      | HP: 2/47 [poisoned by a scorpion]
  5747 | D:5      | Killed Grinder
  5748 | D:5      | Reached skill level 4 in Spellcasting
  5748 | D:5      | Reached skill level 5 in Poison Magic
  5748 | D:5      | Reached XP level 7. HP: 29/56 MP: 14/16
  6223 | D:5      | Reached skill level 1 in Axes
  6316 | D:5      | Found a staircase to the Ecumenical Temple.
  6583 | D:6      | Learned a level 4 spell: Airstrike
  7181 | D:6      | Reached XP level 8. HP: 57/63 MP: 15/18
  7653 | D:6      | Reached skill level 5 in Spellcasting
  7958 | D:7      | Noticed Menkaure
  7964 | D:7      | Killed Menkaure
  8919 | D:7      | Noticed Harold
  9033 | D:7      | Killed Harold
  9034 | D:7      | Reached skill level 6 in Spellcasting
  9034 | D:7      | Reached XP level 9. HP: 65/71 MP: 19/21
 10576 | D:8      | Noticed a kobold demonologist
 10581 | D:8      | Identified a scroll of acquirement
 10581 | D:8      | Acquired the ring of Kuifeghu {rPois rC+ Int+2}
 10668 | D:8      | Reached skill level 7 in Spellcasting
 11342 | D:8      | Noticed a sun demon
 11344 | D:8      | Killed a kobold demonologist
 11345 | D:8      | Reached XP level 10. HP: 80/80 MP: 10/25
 11883 | D:9      | Noticed a death yak
 11883 | D:9      | Noticed a death yak
 11883 | D:9      | Found a staircase to the Lair.
 11884 | D:9      | Noticed a death yak
 12075 | D:9      | Noticed Prince Ribbit
 12082 | D:9      | Killed Prince Ribbit
 12608 | D:9      | Reached skill level 1 in Short Blades
 12608 | D:9      | Reached skill level 8 in Spellcasting
 12712 | D:9      | Killed a death yak
 12895 | D:9      | Reached skill level 5 in Fighting
 12925 | D:9      | Killed a death yak
 12985 | D:9      | Acquired a +1 pair of gloves of stealth
 13007 | D:9      | Noticed Erica
 13017 | D:9      | Killed Erica
 13018 | D:9      | Reached skill level 5 in Air Magic
 13157 | D:9      | Noticed Maurice
 13164 | D:9      | Killed Maurice
 13769 | D:10     | Entered Level 10 of the Dungeon
 13772 | D:10     | Found Cucu's Distillery.
 13805 | D:10     | Reached skill level 9 in Spellcasting
 13805 | D:10     | Reached XP level 11. HP: 85/88 MP: 12/28
 14394 | D:10     | Noticed a centaur warrior
 14402 | D:10     | Shot with an arrow by a centaur warrior

Illustrated notes

Levels and vault maps discovered:
D:1:      saegor_arrival_simple_b, layout_rooms,
          dilly_ecumenical_altar_fadedgnrine
D:2:      layout_basic, basic_altar
D:3:      layout_loops_cross, serial_shops, nicolae_shop_behind_doors,
          minmay_gold_behind_fungi, minmay_pentomino_pile
D:4:      layout_basic, gammafunk_temple_overflow_elements
D:5:      layout_rooms, minmay_temple_entry_nine_rooms, uniq_grinder
D:6:      layout_loops_corners, chequers_serial_rivers_room_a
D:7:      layout_loops_ring, david_defended_altar_orc, uniq_menkaure,
          uniq_harold
D:8:      layout_loops_cross, special_room [special_room_kobold]
D:9:      layout_irregular_city, dpeg_lair_monsters, due_unseen_surprise,
          uniq_erica, uniq_prince_ribbit1, uniq_maurice
D:10:     layout_roguey, serial_shops, shop

Skill      XL: |  1  2  3  4  5  6  7  8  9 10 |
---------------+-------------------------------+-----
Poison Magic   | 3 4 5 6 7 8 |  8.5
Spellcasting   | 2 3 4 6 7 9 |  9.1
Transmutations | 1 2 |  2.8
Dodging        | 2 3 |  3.0
Fighting       | 1 2 3 4 5 |  5.2
Air Magic      | 1 2 3 4 5 |  5.4
Axes           | 1 4 |  4.7
Stealth        | 2 |  2.5
Short Blades   | 2 |  2.1
Long Blades    | |  0.6
Unarmed Combat | |  0.2
Evocations     | |  0.4

Action                   |  1- 3 |  4- 6 |  7- 9 | 10-12 || total
-------------------------+-------+-------+-------+-------++-------
Melee: Unarmed           |    29 |    24 |       |       ||    53
       Dagger            |       |    14 |       |       ||    14
       War axe           |       |     9 |    83 |       ||    92
       Hand axe          |       |       |    20 |    15 ||    35
       Short sword       |       |       |       |     9 ||     9
Throw: Dart              |       |       |     1 |       ||     1
 Cast: Sting             |    70 |    84 |    43 |    11 ||   208
       Poisonous Vapours |    17 |    52 |    33 |       ||   102
       Olgreb's Toxic Ra |       |     2 |    38 |    58 ||    98
       Airstrike         |       |       |    30 |    47 ||    77
Evoke: Wand              |       |       |     7 |     1 ||     8
  Use: Potion            |       |     3 |     2 |       ||     5
       Scroll            |       |     3 |     3 |     3 ||     9
 Stab: Distracted        |       |       |       |     1 ||     1
       Sleeping          |       |       |       |     1 ||     1
Armor: Robe              |    31 |    14 |    56 |     6 ||   107
Dodge: Dodged            |    61 |    69 |   134 |    30 ||   294

Table legend: (Time is in decaauts)
 A = Elapsed time spent in this place.
 B = Non-inter-level travel time spent in this place.
 C = Inter-level travel time spent in this place.
 D = Time resting spent in this place.
 E = Time spent auto-exploring this place.
 F = Levels seen in this place.
 G = Mean time per level.
                   A        B        C        D        E       F      G
               +--------+--------+--------+--------+--------+-----+--------+
         Total |  14434 |  13752 |    682 |   3328 |   8372 |  10 | 1443.4 |
       Dungeon |  14434 |  13752 |    682 |   3328 |   8372 |  10 | 1443.4 |
               +--------+--------+--------+--------+--------+-----+--------+

Top non-repeatable levels by time:
     D:7: 2057 daAuts
     D:8: 1898 daAuts
     D:9: 1709 daAuts
     D:1: 1571 daAuts
     D:6: 1552 daAuts
     D:4: 1430 daAuts
     D:3: 1333 daAuts
     D:5: 1166 daAuts
     D:2: 1080 daAuts
    D:10: 632 daAuts
